 Dungeon Crawl Stone Soup version 0.30.0-29-ga12c61a403 (webtiles) character file.

Game seed: 12871779692997376034

2439 Josd the Purveyor of Pain (level 9, -2/43 HPs)
             Began as a Vine Stalker Necromancer on June 5, 2023.
             Was an Initiate of Kikubaaqudgha.
             Slain by a wolf (6 damage)
             ... on level 8 of the Dungeon on June 7, 2023.
             The game lasted 00:32:26 (6241 turns).

Josd the Purveyor of Pain (VSNe)                    Turns: 6241, Time: 00:32:27

Health: -2/43      AC:  8    Str: 12    XL:     9   Next: 49%
Magic:  0/20       EV: 14    Int: 19    God:    Kikubaaqudgha [......]
Gold:   358        SH:  0    Dex: 20    Spells: 13/21 levels left

rFire   . . .        l - +2 dagger (venom)
rCold   . . .        (no shield)
rNeg    . . .        a - +0 robe
rPois   +            w - +2 helmet
rElec   .            (no cloak)
rCorr   .            (no gloves)
SInv    .            t - +2 pair of boots
Will    +....        v - amulet of the acrobat
Stlth   +++          o - +6 ring of dexterity
HPRegen 1.07/turn    I - ring of poison resistance
MPRegen 0.17/turn

%: acrobat, guardian spirit
@: about to teleport, animating dead
A: fangs 3, regeneration 1, magic shield, antimagic bite, no potion heal 2
a: Renounce Religion


You were on level 8 of the Dungeon.
You worshipped Kikubaaqudgha.
Kikubaaqudgha was noncommittal.
You visited 2 branches of the dungeon, and saw 9 of its levels.

You collected 358 gold pieces.

Inventory:

Hand Weapons
 c - a +0 dagger of electrocution
 l - a +2 dagger of venom (weapon)
 r - a +0 spear
 u - a +2 dagger of flaming
 A - a +2 dagger of speed
 G - a +0 spear of venom
Armour
 a - a +0 robe (worn)
 t - a +2 pair of boots (worn)
 w - a +2 helmet (worn)
 y - a +0 tower shield
Magical Staves
 k - a staff of poison
 B - a staff of earth
Jewellery
 o - a +6 ring of dexterity (left hand)
 s - a ring of protection from cold
 v - an amulet of the acrobat (around neck)
 I - a ring of poison resistance (right hand)
 K - a +4 ring of protection
 M - a ring of protection from cold
Wands
 J - a wand of paralysis (14)
 N - a wand of flame (8)
 O - a wand of light (7)
Scrolls
 e - a scroll of torment
 f - 7 scrolls of teleportation
 j - 2 scrolls of poison
 m - a scroll of noise {unknown}
 p - a scroll of fear {unknown}
 q - a scroll of vulnerability {unknown}
 z - 2 scrolls of fog
 C - 2 scrolls of magic mapping {unknown}
 E - a scroll of silence {unknown}
 H - 2 scrolls of identify
Potions
 b - a potion of magic
 d - a potion of flight
 g - 3 potions of haste
 h - 4 potions of curing
 i - a potion of resistance {unknown}
 n - a potion of brilliance {unknown}
 x - a potion of might {unknown}
 D - a potion of attraction {unknown}
 F - 2 potions of heal wounds {unknown}
 L - a potion of cancellation {unknown}


   Skills:
 + Level 2.6 Fighting
 + Level 3.8 Short Blades
 + Level 4.0 Dodging
 + Level 5.7 Stealth
 + Level 0.3 Unarmed Combat
 + Level 6.9 Spellcasting
 + Level 7.9 Necromancy


You had 13 spell levels left.
You knew the following spells:

 Your Spells              Type           Power      Damage    Failure   Level
a - Necrotise             Necr           100%       1d9       1%          1
b - Vampiric Draining     Necr           36%        2d8       1%          3
c - Animate Dead          Necr           36%        N/A       4%          4

Your spell library contained the following spells:

 Spells                   Type           Power      Damage    Failure   Level
 Magic Dart               Conj           24%        1d4       11%         1
 Agony                    Necr           36%        N/A       11%         5
 Call Imp                 Summ           12%        N/A       16%         2
 Mephitic Cloud           Conj/Pois/Air  6%         N/A       30%         3


Dungeon Overview and Level Annotations

Branches:
Dungeon (8/15)             Temple (1/1) D:7
   Lair: D:8-11

Altars:
Ashenzari
Cheibriados
Dithmenos
Elyvilon
Fedhas
Gozag
Hepliaklqana
Kikubaaqudgha
Makhleb
Nemelex Xobeh
Okawaru
Ru
Sif Muna
Trog
Vehumet
Wu Jian
Xom
Yredelemnul
Zin
The Shining One

Shops:
D:3 =


Innate Abilities, Weirdness & Mutations

You have razor-sharp teeth.
Your natural rate of healing is unusually fast.
When hurt, damage is shared between your health and your magic reserves.
Your bite disrupts and absorbs the magic of your enemies.
Potions cannot restore your health.


Message History

Confirm with . or Enter, or press ? or * to list all spells.
You call upon the dead to rise.
The hound closely misses you. x2
The wolf closely misses you. The wolf bites you but does no damage.
The kobold misses you. The hound bites you. The hound barely misses you.
The wolf stops to sniff the ground.
The wolf bites you but does no damage. The wolf bites you!
You hit the kobold.
You kill the kobold!
Kikubaaqudgha accepts your kill.
The dead are walking!
The wolf pauses to sniff the ground.
The wolf closely misses you. The hound barely misses you.
The wolf closely misses you. The hound misses you.
You barely miss the hound. You bite the hound. You drain its power.
You feel invigorated.
The hound is severely wounded.
The wolf bites you. The wolf completely misses you.
The hound closely misses you. x2; The wolf bites you.
You hit the hound but do no damage.
The hound is poisoned.
You bite the hound. You drain its power.
You feel invigorated.
The hound is severely wounded.
The wolf misses you. The hound completely misses you.
The hound closely misses you. The wolf completely misses you.
The wolf bites you.
* * * LOW HITPOINT WARNING * * *
As you read the scroll of teleportation, it crumbles to dust.
You feel strangely unstable. The hound completely misses you.
The hound bites you.
* * * LOW HITPOINT WARNING * * *
The wolf bites you!
* * * LOW HITPOINT WARNING * * *
The wolf closely misses you. The hound closely misses you.
The hound bites you but does no damage.
Your kobold zombie misses the hound.
The wolf bites you but does no damage.
Casting: Animate Dead (dangerous; 4% risk of failure)
Confirm with . or Enter, or press ? or * to list all spells.
You don't have enough magic to cast this spell.
The wolf attacks as you move away! The wolf bites you!
You die...
Kikubaaqudgha rasps: "You have failed me!
Welcome... death!"

............##......
........#.......)...
.....h##........... ##
#..................
#..##..#.##h...........
.......###.............
#..z###)............
#hh...............
#@)Z..............
#....zh#h)...#..........
.....#zKK##.##..........
$... #...#..# ..#... ...
....###.. #### .. .....
#... # ....#. ....
#...#. #..


You could see 2 wolves, 2 hounds, 3 wights, a kobold and a friendly kobold
zombie.

Vanquished Creatures
  3 water moccasins
  2 sky beasts
  A black bear (D:6)
  An orc warrior (D:7)
  2 ogres
  3 wolves (D:8)
  A phantom (D:5)
  A bullfrog (D:5)
  2 gnoll sergeants (D:6)
  3 scorpions
  A howler monkey (D:6)
  5 hounds
  4 iguanas
  A sleepcap (D:5)
  7 orc wizards
  14 adders
  12 gnolls
  2 white imps
  An ufetubus (D:7)
  A worm (D:3)
  3 dart slugs
  18 orcs
  14 ball pythons
  11 endoplasms
  A giant cockroach (D:1)
  10 goblins
  5 hobgoblins
  4 jackals (D:3)
  15 kobolds
  4 quokkas
  5 bats
  2 frilled lizards
  6 rats
165 creatures vanquished.

Vanquished Creatures (collateral kills)
  A sleepcap (D:8)
  A ball python (D:2)
  A goblin (D:4)
  A hobgoblin (D:1)
4 creatures vanquished.

Vanquished Creatures (others)
  A gnoll zombie (D:6)
  2 kobold zombies (D:8)
  4 orc zombies (D:6)
7 creatures vanquished.

Grand Total: 176 creatures vanquished

Notes
Turn   | Place    | Note
-------+----------+-------------------------------------------
     0 | D:1      | Josd the Vine Stalker Necromancer began the quest for the
                  | Orb.
     0 | D:1      | Reached XP level 1. HP: 9/9 MP: 4/4
    82 | D:1      | Reached XP level 2. HP: 7/13 MP: 3/6
   391 | D:1      | Reached XP level 3. HP: 16/16 MP: 5/8
   933 | D:2      | Gained mutation: Your natural rate of healing is unusually
                  | fast. [Vine Stalker growth]
   933 | D:2      | Reached XP level 4. HP: 12/21 MP: 4/9
  1145 | D:2      | Reached skill level 1 in Short Blades
  1176 | D:2      | Reached XP level 5. HP: 21/25 MP: 6/10
  1554 | D:3      | Found Kaeluiri's Jewellery Emporium.
  1692 | D:3      | Reached skill level 1 in Fighting
  1838 | D:3      | Reached skill level 5 in Necromancy
  1994 | D:3      | Reached XP level 6. HP: 29/30 MP: 10/12
  3285 | D:4      | Reached XP level 7. HP: 33/33 MP: 8/14
  3290 | D:4      | Learned a level 3 spell: Vampiric Draining
  3295 | D:4      | Learned a level 4 spell: Animate Dead
  3585 | D:5      | Entered Level 5 of the Dungeon
  3949 | D:5      | Reached skill level 6 in Necromancy
  3964 | D:5      | Gained mutation: You have razor-sharp teeth. [Vine Stalker
                  | growth]
  3964 | D:5      | Reached XP level 8. HP: 39/39 MP: 16/16
  4015 | D:5      | Found a shimmering blue altar of Sif Muna.
  4060 | D:5      | Reached skill level 5 in Spellcasting
  4475 | D:6      | Reached skill level 5 in Stealth
  4731 | D:6      | Reached XP level 9. HP: 27/43 MP: 14/19
  5019 | D:7      | Found a burning altar of Makhleb.
  5023 | D:7      | Found a hazy altar of Hepliaklqana.
  5023 | D:7      | Found a sacrificial altar of Ru.
  5087 | D:7      | Found a staircase to the Ecumenical Temple.
  5160 | Temple   | Entered the Ecumenical Temple
  5168 | Temple   | Became a worshipper of Kikubaaqudgha
  5195 | D:7      | Found a sparkling altar of Nemelex Xobeh.
  5488 | D:7      | Reached skill level 7 in Necromancy
  6241 | D:8      | Slain by a wolf

Illustrated notes

Levels and vault maps discovered:
D:1:      spicycebolla_green_bress_n_ham, layout_basic, minivault_14,
          minmay_misc_feat_roman, minmay_hexomino_u4
D:2:      minmay_alternating_diamond, layout_rooms, minmay_joined_circles
D:3:      layout_rooms, serial_shops, shop, serial_co_window_serial,
          co_window_paths_b, co_window_corner_a, co_window_paths_a,
          co_window_paths_b, co_window_of_opportunity_a, co_window_paths_c,
          co_window_paths_c, co_window_of_opportunity_c, co_window_broadway_b,
          co_window_paths_c, co_window_broadway_c, co_window_2corner,
          co_window_paths_e, co_window_4corner_b, glass_columns_c,
          glass_columns_a, glass_columns_b, glass_columns_c, glass_columns_c
D:4:      layout_rooms
D:5:      nicolae_cairo_tiling, layout_loops_cross, lemuel_round_altar
D:6:      layout_basic
D:7:      layout_loops_corners, nemelex_spade_bored_becter,
          grunt_temple_overflow_open, minmay_temple_entry_overgrown
D:8:      layout_cave_pools, erik_lair_island, kennysheep_diamond,
          nicolae_shop_gadgets
Temple:   nicolae_temple_no_exploring_needed

Skill      XL: |  1  2  3  4  5  6  7  8  9 |
---------------+----------------------------+-----
Stealth        | 3 4 5 |  5.7
Dodging        | 2 3 4 |  4.0
Spellcasting   | 3 4 6 |  6.9
Short Blades   | 1 2 3 |  3.8
Fighting       | 1 2 |  2.6
Necromancy     | 5 6 7 |  7.9
Unarmed Combat | |  0.3

Action                     |  1- 3 |  4- 6 |  7- 9 || total
---------------------------+-------+-------+-------++-------
  Melee: Unarmed           |    22 |       |       ||    22
         Bite              |    18 |    31 |    81 ||   130
         Dagger            |    58 |   145 |   215 ||   418
         Punch             |       |     1 |     3 ||     4
   Cast: Necrotise         |    11 |    46 |    51 ||   108
         Animate Dead      |       |       |     6 ||     6
         Vampiric Draining |       |       |    10 ||    10
    Use: Scroll            |       |     6 |     7 ||    13
         Potion            |       |       |     1 ||     1
   Stab: Sleeping          |     6 |     5 |     7 ||    18
 Armour: Robe              |    16 |    30 |    69 ||   115
  Dodge: Dodged            |    53 |   114 |   225 ||   392
